 Dungeon Crawl Stone Soup version 0.20.0-8-g6b59dc7 (webtiles) character file.

875 Gorglomux the Ruffian (level 7, 0/67 HPs)
             Began as a Troll Arcane Marksman on May 31, 2017.
             Slain by Pikel
             ... wielding a +2 whip of freezing
              (5 damage)
             ... on level 5 of the Dungeon.
             The game lasted 00:02:46 (2667 turns).

Gorglomux the Ruffian (Troll Arcane Marksman)       Turns: 2667, Time: 00:02:47

Health: 0/67       AC:  6    Str: 19    XL:     7   Next: 74%
Magic:  7/7        EV: 10    Int:  9    God:
Gold:   190        SH:  0    Dex: 12    Spells: 7/8 levels left

rFire    . . .     SeeInvis .     - Unarmed
rCold    . . .     Gourm    +   (no shield)
rNeg     . . .     Faith    .   a - +0 robe
rPois    .         Spirit   .   (helmet restricted)
rElec    .         Reflect  .   S - +0 cloak
rCorr    .         Harm     .   (gloves unavailable)
MR       .....                  (boots unavailable)
Stlth    +.........             (no amulet)
Regen    0.7/turn               (no ring)
MPRegen  0.1/turn               (no ring)

@: no status effects
A: unfitting armour, claws 3, fast metabolism 3, gourmand, regeneration 1,
shaggy fur 1, tough skin 2
a: no special abilities


You were on level 5 of the Dungeon.
You were very full.

You visited 1 branch of the dungeon, and saw 5 of its levels.

You collected 190 gold pieces.

Inventory:

Missiles
 c - 4 large rocks (quivered)
 Z - 3 throwing nets
Armour
 a - a +0 robe (worn)
 S - a +0 cloak (worn)
Jewellery
 E - a +6 ring of strength {unknown}
 H - a cursed ring of loudness {unknown}
Scrolls
 D - a scroll of recharging {unknown}
 K - 4 scrolls of enchant weapon {unknown}
 L - 2 scrolls of fog {unknown}
 M - a scroll of fear {unknown}
 O - a scroll of enchant armour {unknown}
 P - a scroll of blinking {unknown}
 Q - 6 scrolls of remove curse {unknown}
 R - a scroll of identify {unknown}
 U - a scroll of amnesia {unknown}
 V - 4 scrolls of teleportation {unknown}
 X - 2 scrolls of magic mapping {unknown}
Potions
 G - a potion of degeneration {unknown}
 I - a potion of mutation {unknown}
 N - 2 potions of lignification {unknown}
 T - a potion of curing {unknown}
 W - 2 potions of might {unknown}
 Y - a potion of flight {unknown}
Books
 b - a book of Debilitation

   Spells                             Type                      Level
   a - Corona                         Hexes                        1
   b - Slow                           Hexes                        2
   c - Inner Flame                    Hexes/Fire                   3
   d - Portal Projectile              Hexes/Translocation          3
   e - Cause Fear                     Hexes                        4
   f - Leda's Liquefaction            Hexes/Earth                  4
 J - a book of Minor Magic

   Spells                             Type                      Level
   a - Magic Dart                     Conjuration                  1
   b - Blink                          Translocation                2
   c - Call Imp                       Summoning                    2
   d - Slow                           Hexes                        2
   e - Conjure Flame                  Conjuration/Fire             3
   f - Mephitic Cloud                 Conjuration/Poison/Air       3
Comestibles
 f - 2 bread rations
 z - 3 meat rations
 F - a royal jelly


   Skills:
 + Level 3.6 Fighting
 - Level 1.7 Throwing
 - Level 1.5 Dodging
 + Level 7.5 Unarmed Combat
 - Level 1.0 Spellcasting
 - Level 2.0 Hexes


You had 7 spell levels left.
You knew the following spells:

 Your Spells              Type           Power        Failure   Level  Hunger
a - Corona                Hex            #......      16%         1    ##.....


Dungeon Overview and Level Annotations

Branches:
Dungeon (5/15)
 Temple: D:4-7

Altars:

Annotations:
D:5 Pikel


Innate Abilities, Weirdness & Mutations

You are too large for most types of armour.
You have claws for hands.
Your metabolism is lightning-fast.
You like to eat raw meat.
Your natural rate of healing is unusually fast.
You are covered in fur. (AC +1)
You have very tough skin. (AC +2)


Message History

You barely miss Pikel.
Pikel is moderately wounded.
Pikel hits you with a whip of freezing! Pikel freezes you.
You barely miss Pikel.
Pikel is moderately wounded.
Pikel hits you with a whip of freezing. Pikel freezes you.
You closely miss Pikel.
Pikel is moderately wounded.
Pikel hits you with a whip of freezing. Pikel freezes you.
You scratch Pikel but do no damage.
Pikel is moderately wounded.
Pikel hits you with a whip of freezing!
* * * LOW HITPOINT WARNING * * *
Pikel freezes you.
* * * LOW HITPOINT WARNING * * *
You claw Pikel!
Pikel is heavily wounded.
You hear a shout!
Pikel hits you with a whip of freezing.
You die...

o.. .... ...##.# #.#.# ...
#..# #.##.# #.#.# .. #..#
#....# #.#.#
#.#..####.##.####.#.#
...#.[.................##
..........opp>...........#
....##o...#p#.#########.##
..# ##...#K#.# #.# .
#...#@#.# #.# ##..#.###
#.# #..#.# #.# #..#.# #.#
#..#.# #######.## ...
.........# #.# #######.##
..# #<# ###


You could see Pikel, 3 slaves and an orc.

Vanquished Creatures
  The ghost of Gorglomux the Ruffian, a novice TrAM of Ru (D:4)
  A slave (D:5)
  A phantom (D:4)
  A scorpion (D:4)
  Crazy Yiuf (D:3)
  2 orc priests (D:4)
  A centaur skeleton (D:5)
  Natasha (thrice) (D:2)
  A hound skeleton (D:4)
  3 adders (D:2)
  7 gnolls
  An ooze (D:3)
  An adder skeleton (D:4)
  3 worms (D:2)
  2 dart slugs
  10 orcs (D:4)
  2 ball pythons (D:1)
  5 bats
  6 giant cockroaches
  2 hobgoblins
  6 frilled lizards
  7 goblins
  A jackal skeleton (D:5)
  6 kobolds
  4 rats
  A fungus (D:3)
79 creatures vanquished.

Notes
Turn   | Place    | Note
-------+----------+-------------------------------------------
     0 | D:1      | Gorglomux the Troll Arcane Marksman began the quest for the Orb.
     0 | D:1      | Reached XP level 1. HP: 18/18 MP: 1/1
    52 | D:1      | Reached skill level 1 in Unarmed Combat
   159 | D:1      | Reached XP level 2. HP: 26/26 MP: 2/2
   329 | D:1      | Reached skill level 2 in Unarmed Combat
   440 | D:2      | Reached XP level 3. HP: 32/32 MP: 3/3
   476 | D:2      | Reached skill level 3 in Unarmed Combat
   579 | D:1      | Reached XP level 4. HP: 34/40 MP: 4/4
   594 | D:2      | Reached skill level 4 in Unarmed Combat
   618 | D:2      | Noticed Natasha
   624 | D:2      | Killed Natasha
   642 | D:2      | Noticed Natasha
   652 | D:2      | Killed Natasha
   652 | D:2      | Reached XP level 5. HP: 26/46 MP: 5/5
   890 | D:2      | Noticed Natasha
   895 | D:2      | Killed Natasha
   895 | D:2      | Reached skill level 5 in Unarmed Combat
  1739 | D:3      | Found a runed door.
  1743 | D:3      | Noticed Crazy Yiuf
  1745 | D:3      | Killed Crazy Yiuf
  1810 | D:4      | Noticed Gorglomux's ghost (novice TrAM)
  1885 | D:4      | Reached XP level 6. HP: 47/54 MP: 6/6
  2009 | D:4      | Reached skill level 6 in Unarmed Combat
  2077 | D:4      | Reached skill level 1 in Fighting
  2300 | D:4      | Killed Gorglomux's ghost
  2300 | D:4      | Reached skill level 3 in Fighting
  2300 | D:4      | Reached skill level 7 in Unarmed Combat
  2300 | D:4      | Reached XP level 7. HP: 23/67 MP: 7/7
  2609 | D:5      | Entered Level 5 of the Dungeon
  2640 | D:5      | Noticed Pikel
  2667 | D:5      | Slain by Pikel

Skill      XL: |  1  2  3  4  5  6 |
---------------+-------------------+-----
Unarmed Combat | 1 2 3 4 5 7 |  7.5
Fighting       | 3 |  3.6
Throwing       | |  1.7
Dodging        | |  1.5
Spellcasting   | |  1.0
Hexes          | |  2.0

Action                   |  1- 3 |  4- 6 |  7- 9 || total
-------------------------+-------+-------+-------++-------
Melee: Unarmed           |    75 |   154 |    43 ||   272
       Punch             |     1 |     5 |     2 ||     8
Throw: Large rock        |       |     1 |       ||     1
  Eat: Chunk             |    11 |    15 |     3 ||    29
Armor: Robe              |    27 |    46 |     7 ||    80
Dodge: Dodged            |    47 |    57 |    13 ||   117
